 Dungeon Crawl Stone Soup version 0.30.1-9-gdf580d7c3d (webtiles) character file.

Game seed: 13029849841373465085

41223 booth the Severer (level 14, -7/130 HPs)
             Began as a Hill Orc Monk on Sept 24, 2023.
             Was the Champion of Beogh.
             Mangled by a lindwurm (12 damage)
             ... on level 10 of the Dungeon on Sept 25, 2023.
             The game lasted 02:07:56 (22750 turns).

booth the Severer (Hill Orc Monk)                  Turns: 22750, Time: 02:07:57

Health: -7/130     AC: 18    Str: 19    XL:     14   Next: 14%
Magic:  23/26      EV: 11    Int: 10    God:    Beogh [******]
Gold:   838        SH:  5    Dex: 13    Spells: 13/13 levels left

rFire   . . .        r - +3 war axe (freeze)
rCold   + . .        d - +2 buckler
rNeg    + + +        Z - +4 chain mail {Will+}
rPois   .            (helmet restricted)
rElec   +            T - +1 cloak
rCorr   +            k - +1 pair of gloves {infuse}
SInv    +            s - +1 pair of boots
Will    +++..        i - amulet of Vakhlyap {RegenMP rN+} Stlth
                     B - ring "Poniuch" {rElec rC+ rN++ rCorr SInv}
HPRegen 0.41/turn    j - ring of willpower
MPRegen 0.60/turn

%: clarity, infuse magic (1 MP)
@: flying
A: walk on water, beak, clarity
a: Renounce Religion, Smiting, Recall Orcish Followers, Give Item to Named
Follower, Resurrection


You were on level 10 of the Dungeon.
You worshipped Beogh.
Beogh was exalted by your worship.
You visited 3 branches of the dungeon, and saw 17 of its levels.

You collected 1814 gold pieces.
You spent 976 gold pieces at shops.

Inventory:

Hand Weapons
 a - a +3 heavy hand axe
 g - a +2 mace of protection
 r - a +3 war axe of freezing (weapon)
Missiles
 f - 6 curare-tipped darts
 l - 30 poisoned darts
 q - 5 silver javelins
 w - 18 boomerangs (quivered)
 X - 4 javelins
Armour
 d - a +2 buckler (worn)
 k - a +1 pair of gloves of infusion (worn)
 s - a +1 pair of boots (worn)
 H - +0 shadow dragon scales
 M - +0 acid dragon scales
 Q - the +4 skin of Zhor {*Englaciate rC+++ SInv}
   (You found it on level 2 of the Lair of Beasts)

   *Englaciate: It radiates cold, occasionally slowing all nearby creatures who
   are not resistant to cold.
   rC:        It renders you almost immune to cold.
   SInv:      It lets you see invisible.
 T - a +1 cloak (worn)
 Z - a +4 chain mail of willpower (worn)
Jewellery
 e - a ring of protection from cold
 i - the amulet of Vakhlyap (around neck) {RegenMP rN+}
   (You found it on level 2 of the Dungeon)

   [amulet of magic regeneration]

   It increases your rate of magic regeneration.
   rN:        It protects you from negative energy.
 j - a ring of willpower (right hand)
 n - a ring of resist corrosion
 x - a +4 ring of slaying
 y - an amulet of faith
 B - the ring "Poniuch" (left hand) {rElec rC+ rN++ rCorr SInv}
   (You bought it in a shop on level 2 of the Orcish Mines)

   [ring of see invisible]

   rC:        It protects you from cold.
   rElec:     It insulates you from electricity.
   rN:        It greatly protects you from negative energy.
   SInv:      It lets you see invisible.
   rCorr:     It protects you from acid and corrosion.
 V - a +6 ring of strength
Wands
 b - a wand of quicksilver (17)
 h - a wand of flame (18)
 m - a wand of mindburst (2)
 t - a wand of paralysis (3)
 G - a wand of polymorph (9)
 K - a wand of roots (4)
Scrolls
 o - 2 scrolls of magic mapping
 v - 3 scrolls of blinking
 I - 2 scrolls of fear
 J - a scroll of fog
 N - 2 scrolls of poison
 O - 3 scrolls of teleportation
 S - a scroll of identify
 U - a scroll of immolation
 W - a scroll of summoning
 Y - a scroll of vulnerability
Potions
 c - 2 potions of ambrosia
 p - 3 potions of lignification
 u - 5 potions of haste
 z - a potion of invisibility
 A - 2 potions of brilliance
 C - 6 potions of curing
 D - a potion of berserk rage
 E - a potion of magic
 F - 6 potions of heal wounds
 L - a potion of cancellation
 P - 2 potions of flight
Miscellaneous
 R - a box of beasts


   Skills:
 + Level 13.9 Fighting
 + Level 17.2 Axes
 + Level 10.0 Dodging
 * Level 16.4 Invocations


You had 13 spell levels left.
You didn't know any spells.
Your spell library contained the following spells:

 Spells                   Type           Power      Damage    Failure   Level
 Freeze                   Ice            0%         1d3       99%         1
 Sandblast                Erth           0%         2d4       99%         1
 Sting                    Tmut/Pois      0%         1d3       99%         1
 Passwall                 Tmut/Erth      0%         N/A       100%        2
 Poisonous Vapours        Pois/Air       0%         N/A       100%        2
 Static Discharge         Conj/Air       0%         2-2/arc   100%        2
 Frozen Ramparts          Ice            0%         1d1       100%        3
 Hailstorm                Conj/Ice       0%         3d3       100%        3
 Ignite Poison            Fire/Tmut/Pois 0%         N/A       100%        3
 Stone Arrow              Conj/Erth      0%         3d7       100%        3
 Swiftness                Air            0%         N/A       100%        3
 Vhi's Electric Charge    Tloc/Air       0%         N/A       100%        3
 Airstrike                Air            0%         2d(0-16)  100%        4
 Ice Form                 Ice/Tmut       0%         N/A       100%        4
 Olgreb's Toxic Radiance  Pois           0%         N/A       100%        4
 Sticky Flame             Conj/Fire      0%         2d3       100%        4
 Arcjolt                  Conj/Air       0%         1d10      100%        5
 Blade Hands              Tmut           0%         N/A       100%        5
 Freezing Cloud           Conj/Ice/Air   0%         6-21      100%        5
 Irradiate                Conj/Tmut      0%         3d11      100%        5
 Plasma Beam              Fire/Air       0%         2x1d11    100%        6
 Simulacrum               Ice/Necr       0%         N/A       100%        6
 Dragon Form              Tmut           0%         N/A       100%        7
 Ignition                 Fire           0%         3d3       100%        8
 Maxwell's Capacitive Co  Air            0%         ∞         100%        8


Dungeon Overview and Level Annotations

Branches:
Dungeon (10/15)            Temple (0/1) D:6            Lair (5/5) D:9
  Swamp (0/4) Lair:3       Spider (0/4) Lair:3        Slime (0/5) Lair:4
    Orc (2/2) D:10            Elf (0/3) Orc:2

Altars:
Hepliaklqana
Kikubaaqudgha
Makhleb
Nemelex Xobeh
Okawaru
Sif Muna
Trog
Vehumet
Yredelemnul
Beogh
Jiyva

Shops:
D:2 :!   D:5 [   D:8 [(:   Orc:2 [(=!

Annotations:
D:10 6 exclusions
Lair:2 3 runed translucent doors, bairyn's ghost, journeyman DESu


Innate Abilities, Weirdness & Mutations

You can walk on water.
You have a beak for a mouth.
You possess an exceptional clarity of mind.


Message History

The blast of flame hits you!!
Your orc knight roars a battlecry!
Urtork goes into a battle-frenzy!
The lindwurm breathes flames at you. The blast of flame hits you!
Found 24 gold pieces, a glowing scimitar and a steaming staff.
Found an escape hatch in the floor.
Found a wand of roots (3) and 4 stones.
The lindwurm breathes flames at you. The blast of flame hits you!!
* * * LOW HITPOINT WARNING * * *
The blast of flame hits Urug!!
The lindwurm bites you but does no damage.
The lindwurm claws you.
* * * LOW HITPOINT WARNING * * *
The lindwurm closely misses you. The lindwurm barely misses you.
You block the lindwurm's attack.
The lindwurm claws you but does no damage.
The lindwurm bites you.
* * * LOW HITPOINT WARNING * * *
The lindwurm claws you but does no damage. x2
You feel much better. The lindwurm closely misses you. x2
The lindwurm claws you but does no damage.
The lindwurm barely misses you.
The lindwurm claws you but does no damage.
You block the lindwurm's attack. The lindwurm breathes flames at you.
The blast of flame hits you!
* * * LOW HITPOINT WARNING * * *
You slash the lindwurm! You freeze the lindwurm. You peck the lindwurm.
The lindwurm is moderately wounded.
You slash the lindwurm! You freeze the lindwurm. You slash the lindwurm!
You freeze the lindwurm. The lindwurm bites you.
* * * LOW HITPOINT WARNING * * *
The lindwurm closely misses you. The lindwurm misses you.
The lindwurm breathes flames at you. The blast of flame hits you!
* * * LOW HITPOINT WARNING * * *
The lindwurm bites you!
You die...

##...≈≈≈≈≈...##.§.≈≈≈≈≈.....
#....≈§§§§..### .≈≈§≈≈.?...
###..§.§§§§§[ ./( .k≈§§≈.....
#...§§≈≈§§≈.# $>| #.≈≈≈≈≈....
##.##..≈≈≈≈§.##?: #.≈≈≈≈≈..##
#o.##§..≈≈§§..#.[ .#..≈§≈≈...#
#o###...≈§≈≈≈..####.§≈≈≈§≈§.##
#o##....≈§§§§kk§##.§§§§≈≈§..#
#.#..#...≈≈≈§§@k§..§≈§§≈≈o..###
#.#o##...§≈§≈§§§§§≈§≈§≈≈≈......
#.o.###..o§§§§≈§§≈≈≈≈≈≈≈.......
##### #..oo§§§§≈≈≈≈≈≈≈≈........
##..ooo≈≈≈≈§≈≈≈..........
##...o4..§≈.......####..
##.............### ##.
#.####....##### #.
#o###...###...#######.


You could see 3 lindwurms.

Vanquished Creatures
  2 ogre magi
  A hydra (Lair:3)
  5 two-headed ogres
  2 death yaks (Lair:3)
  A skyshark (Lair:3)
  Pikel (D:7)
  4 orc sorcerers
  An ugly thing (D:9)
  2 oklob plants (Lair:5)
  2 elephants (Lair:5)
  A black mamba (Lair:5)
  2 cane toads
  4 rime drakes (Lair:2)
  A yaktaur (shapeshifter) (D:9)
  A komodo dragon (Lair:3)
  4 trolls
  3 polar bears (Lair:5)
  Grinder (D:3)
  A hornet (Lair:5)
  2 dream sheep
  3 spriggans (Lair:5)
  A wyvern (Lair:3)
  3 basilisks
  4 hogs (Lair:5)
  12 yaks
  Grum (D:9)
  Duvessa (D:4)
  7 water moccasins
  An orc warrior (Orc:1)
  Pargi (D:3)
  5 black bears
  3 boggarts (Lair:5)
  3 centaurs
  28 wolves
  7 ogres
  2 phantoms
  2 kobold brigands (D:6)
  6 bullfrogs
  A gnoll sergeant (D:7)
  A scorpion (D:5)
  Dowan (D:4)
  4 wights (D:7)
  3 killer bees (D:5)
  3 howler monkeys (D:7)
  A jelly (D:5)
  4 orc priests
  A gnoll bouda (D:9)
  4 hounds
  3 iguanas
  A sleepcap (D:6)
  8 orc wizards
  15 gnolls
  4 adders
  A shadow imp (D:5)
  3 white imps
  An ufetubus (D:6)
  6 worms
  2 dart slugs (D:1)
  20 orcs
  A bat (D:3)
  5 endoplasms
  3 giant cockroaches
  11 hobgoblins
  2 jackals (D:1)
  6 quokkas
  7 ball pythons
  5 frilled lizards
  11 goblins
  18 kobolds
  4 rats
291 creatures vanquished.

Vanquished Creatures (collateral kills)
  Rupert (Lair:5)
  Kirke (Lair:5)
  An orc warlord (Orc:1)
  A dire elephant (Lair:3)
  A two-headed ogre (Orc:1)
  Amaemon (D:9)
  Nergalle (D:10)
  Sonja (Orc:1)
  3 orc knights (Orc:1)
  A swamp dragon (Lair:3)
  A lindwurm (D:10)
  5 orc sorcerers
  A black mamba (Lair:2)
  8 elephants
  3 torpor snails
  Joseph (D:10)
  An orange demon (D:9)
  7 cane toads
  2 rime drakes
  3 komodo dragons
  2 trolls
  A polar bear (Lair:5)
  4 hornets
  2 blink frogs
  5 dream sheep
  A slime creature (D:9)
  8 spriggans (Lair:5)
  3 wyverns
  2 hogs (Lair:5)
  4 yaks (Lair:5)
  2 basilisks
  2 acid dragons (D:10)
  12 water moccasins
  An ice beast (D:7)
  3 black bears
  3 orc warriors
  7 ogres
  20 wolves
  2 boggarts (Lair:5)
  2 centaurs
  A phantom (D:7)
  A kobold brigand (D:8)
  4 bullfrogs
  A gnoll sergeant (Orc:1)
  6 scorpions (Lair:3)
  2 electric eels
  A hound (D:7)
  An orc priest (Orc:1)
  11 orc wizards
  An iguana (Lair:3)
  A gnoll (D:9)
  An ufetubus (D:6)
  10 orcs
  A giant cockroach (Lair:3)
  A goblin (D:10)
  A hobgoblin (D:10)
174 creatures vanquished.

Vanquished Creatures (others)
  Erolcha (Orc:2)
  An orc knight (Lair:5)
  A human (Lair:5)
  9 orc warriors
  7 orc priests
  5 orc wizards
  24 orcs
  An endoplasm (D:4)
49 creatures vanquished.

Grand Total: 514 creatures vanquished

Notes
Turn   | Place    | Note
-------+----------+-------------------------------------------
     0 | D:1      | booth the Hill Orc Monk began the quest for the Orb.
     0 | D:1      | Reached XP level 1. HP: 19/19 MP: 1/1
   222 | D:1      | Reached XP level 2. HP: 24/27 MP: 2/2
   527 | D:1      | Reached XP level 3. HP: 33/33 MP: 3/3
   909 | D:2      | Found Garezxi's Vocational Training.
   942 | D:2      | Reached skill level 5 in Axes
  1121 | D:2      | Identified the amulet of Vakhlyap {RegenMP rN+}
  1393 | D:2      | Found Sevetzy's Distillery.
  1597 | D:2      | Reached XP level 4. HP: 29/40 MP: 4/4
  1947 | D:3      | Found a faded altar of an unknown god.
  1987 | D:3      | Noticed Pargi
  2008 | D:3      | Killed Pargi
  2009 | D:3      | Reached skill level 6 in Axes
  2009 | D:3      | Reached XP level 5. HP: 31/47 MP: 5/5
  2089 | D:3      | Noticed Grinder
  2109 | D:3      | Paralysed by Grinder for 5 turns
  2127 | D:3      | Paralysed by Grinder for 3 turns
  2320 | D:3      | Killed Grinder
  2321 | D:3      | Reached skill level 5 in Fighting
  2321 | D:3      | Reached skill level 7 in Axes
  2321 | D:3      | Reached XP level 6. HP: 25/56 MP: 6/6
  2597 | D:3      | Found a basalt altar of Yredelemnul.
  2599 | D:3      | Found a hazy altar of Hepliaklqana.
  3262 | D:4      | Noticed Duvessa
  3272 | D:4      | Killed Duvessa
  3273 | D:4      | Reached XP level 7. HP: 30/60 MP: 7/7
  3274 | D:4      | Reached skill level 8 in Axes
  3291 | D:4      | Noticed Dowan
  3321 | D:4      | Killed Dowan
  3982 | D:4      | Became a worshipper of Beogh the Brigand
  3982 | D:4      | Reached * piety under Beogh
  3982 | D:4      | Reached ** piety under Beogh
  4417 | D:4      | Reached skill level 9 in Axes
  4417 | D:4      | Reached XP level 8. HP: 69/70 MP: 8/8
  4543 | D:5      | Entered Level 5 of the Dungeon
  4664 | D:5      | Found Entoemm's Armour Shoppe.
  4670 | D:5      | Bought a +1 pair of gloves of infusion for 247 gold pieces
  4761 | D:5      | You fall into a shaft and drop 1 floor!
  5017 | D:5      | Reached skill level 10 in Axes
  5191 | D:5      | Reached skill level 5 in Dodging
  5644 | D:6      | Reached skill level 11 in Axes
  5644 | D:6      | Reached XP level 9. HP: 79/79 MP: 3/9
  5724 | D:6      | Found a staircase to the Ecumenical Temple.
  5832 | D:6      | Reached *** piety under Beogh
  5855 | D:6      | Found a radiant altar of Vehumet.
  6060 | D:7      | Noticed Pikel
  6067 | D:7      | Killed Pikel
  6068 | D:7      | Reached skill level 12 in Axes
  6621 | D:7      | Found a bloodstained altar of Trog.
  6622 | D:7      | Found an iron altar of Okawaru.
  6722 | D:7      | Found a shimmering blue altar of Sif Muna.
  6723 | D:7      | Found a burning altar of Makhleb.
  7067 | D:8      | Reached skill level 13 in Axes
  7067 | D:8      | Reached skill level 1 in Invocations
  7069 | D:8      | Reached XP level 10. HP: 86/91 MP: 7/11
  7405 | D:8      | Found Nyliryu's Antique Armour Shoppe.
  7428 | D:8      | Found Liham's Antique Weapon Shoppe.
  7953 | D:8      | Found Ifuexutu's Book Boutique.
  8202 | D:9      | Found a staircase to the Lair.
  8403 | D:9      | Found a sparkling altar of Nemelex Xobeh.
  8708 | D:9      | Noticed Grum
  8711 | D:9      | Reached **** piety under Beogh
  8717 | D:9      | Killed Grum
  8718 | D:9      | Reached skill level 5 in Invocations
  8958 | D:9      | Noticed an orange demon
  8959 | D:9      | Noticed Amaemon
  8967 | D:9      | Killed Amaemon
  8973 | D:9      | Killed an orange demon
  9173 | D:9      | Gained Urtork as an ally
  9338 | D:9      | Noticed a purple ugly thing
  9346 | D:9      | Killed a purple ugly thing
  9347 | D:9      | Reached skill level 10 in Fighting
  9410 | D:9      | Reached XP level 11. HP: 88/99 MP: 14/16
  9939 | D:10     | Entered Level 10 of the Dungeon
 10105 | D:10     | Noticed Joseph
 10113 | D:10     | Reached skill level 14 in Axes
 10115 | D:10     | Killed Joseph
 10381 | D:10     | Identified the +8 rapier "Bucuhih" {flame, Fragile Str+3
                  | Int+6 Stlth+}
 10392 | D:10     | Noticed a two-headed ogre
 10397 | D:10     | Killed a two-headed ogre
 10576 | D:10     | Noticed a lindwurm
 10576 | D:10     | Noticed a lindwurm
 10587 | D:10     | Killed a lindwurm
 10590 | D:10     | Noticed a lindwurm
 10591 | D:10     | Noticed a lindwurm
 11813 | D:10     | Found a staircase to the Orcish Mines.
 12207 | D:10     | Noticed Nergalle
 12221 | D:10     | Killed Nergalle
 12634 | Lair:1   | Entered Level 1 of the Lair of Beasts
 13623 | Lair:1   | Gained mutation: You have a beak for a mouth. [potion of
                  | mutation]
 13623 | Lair:1   | Gained mutation: You possess an exceptional clarity of
                  | mind. [potion of mutation]
 13756 | Lair:2   | Identified the +1 robe "Qudolofo" {-Cast rF++ Regen+ Str+5}
 13832 | Lair:2   | Found the +4 skin of Zhor {*Englaciate rC+++ SInv}
 13991 | Lair:2   | Found a dark tunnel.
 14132 | Lair:2   | Found a gate leading to a gauntlet.
 14264 | Lair:2   | Found a runed translucent gate.
 14265 | Lair:2   | Found a runed translucent gate.
 14265 | Lair:2   | Noticed a boulder beetle
 14265 | Lair:2   | Noticed bairyn's ghost (journeyman DESu)
 14266 | Lair:2   | Found a runed translucent gate.
 14266 | Lair:2   | Noticed a skyshark
 14366 | Lair:2   | Reached skill level 10 in Invocations
 14810 | Lair:3   | Reached XP level 12. HP: 89/110 MP: 20/20
 14816 | Lair:3   | Reached skill level 15 in Axes
 15385 | Lair:3   | Noticed a skyshark
 15385 | Lair:3   | Reached ***** piety under Beogh
 15387 | Lair:3   | Killed a skyshark
 15542 | Lair:3   | Noticed a dire elephant
 15553 | Lair:3   | Killed a dire elephant
 15557 | Lair:3   | Identified the +1 ring mail of the Centipede {Regen+ MP+9}
 15582 | Lair:3   | Noticed a five-headed hydra
 15582 | Lair:3   | Noticed a death yak
 15595 | Lair:3   | Killed a death yak
 15605 | Lair:3   | Killed a five-headed hydra
 15837 | Lair:3   | Gained Nordag as an ally
 15846 | Lair:3   | Noticed a death yak
 15856 | Lair:3   | Killed a death yak
 16282 | Lair:3   | Found a staircase to the Swamp.
 16398 | Lair:3   | Found a hole to the Spider Nest.
 16848 | Lair:4   | Found a viscous altar of Jiyva.
 16852 | Lair:4   | Found a staircase to the Slime Pits.
 17393 | Lair:5   | Entered Level 5 of the Lair of Beasts
 17703 | Lair:5   | Noticed Kirke
 17711 | Lair:5   | Noticed a sphinx
 17718 | Lair:5   | Killed Kirke
 17732 | Lair:5   | Noticed Rupert
 17736 | Lair:5   | Your ally Nordag died
 17738 | Lair:5   | Killed Rupert
 17739 | Lair:5   | Reached XP level 13. HP: 67/119 MP: 12/23
 17869 | Lair:5   | Reached skill level 16 in Axes
 18435 | Lair:5   | Got the Elucidation of the Zephyr
 18975 | Lair:5   | Reached skill level 15 in Invocations
 19007 | Lair:5   | Reached ****** piety under Beogh
 19860 | Orc:1    | Entered Level 1 of the Orcish Mines
 19886 | Orc:1    | Noticed Urug
 20138 | Orc:1    | Noticed Sonja
 20157 | Orc:1    | Noticed an orc warlord
 20162 | Orc:1    | Gained Wargath as an ally
 20168 | Orc:1    | Killed an orc warlord
 20178 | Orc:1    | Killed Sonja
 20179 | Orc:1    | Reached skill level 17 in Axes
 20390 | Orc:1    | Found a roughly hewn altar of Beogh.
 20799 | Orc:2    | Entered Level 2 of the Orcish Mines
 20835 | Orc:2    | Reached XP level 14. HP: 126/130 MP: 24/26
 20883 | Orc:2    | Found a roughly hewn altar of Beogh.
 20936 | Orc:2    | Found a staircase to the Elven Halls.
 21627 | Orc:2    | Found an ancient bone altar of Kikubaaqudgha.
 21645 | Orc:2    | Found Gookem's Antique Armour Emporium.
 21656 | Orc:2    | Noticed Erolcha
 21709 | Orc:2    | Killed Erolcha
 21724 | Orc:2    | Found a radiant altar of Vehumet.
 22008 | Orc:2    | Found a roughly hewn altar of Beogh.
 22008 | Orc:2    | Found Ynoy's Jewellery Shoppe.
 22019 | Orc:2    | Reached skill level 10 in Dodging
 22026 | Orc:2    | Found Umaihul's Distillery.
 22035 | Orc:2    | Bought the ring "Poniuch" {rElec rC+ rN++ rCorr SInv} for
                  | 729 gold pieces
 22051 | Orc:2    | Found Pymempy's Antique Weapon Emporium.
 22750 | D:10     | HP: 5/130 [lindwurm/blast of flame (16)]
 22750 | D:10     | Mangled by a lindwurm

Illustrated notes

Levels and vault maps discovered:
D:1:      tarquinn_simple_flora_water_d, layout_loops_ring
D:2:      layout_rooms, serial_shops, nicolae_shop_peninsula,
          nicolae_shop_vocational
D:3:      layout_basic, jmf_multi_god_temple,
          ebering_ecumenical_altar_petrified, minmay_vboxes, uniq_grinder,
          uniq_pargi
D:4:      layout_basic, uniq_duvessa
D:5:      layout_basic, serial_shops, nicolae_shop_back_alley_shop
D:6:      layout_basic, nicolae_vehumet_radiance, minmay_temple_entry_offerings
D:7:      layout_basic, grunt_temple_overflow_bloody_war, minitemple, uniq_pikel
D:8:      nicolae_whirlpool, layout_basic, serial_shops, shop,
          nicolae_shop_real_fake_doors, nicolae_shop_dealshenge
D:9:      layout_loops_corners, nicolae_overflow_crystal_walls,
          dpeg_oklobed_lair, minmay_fractal_squares_gapless_7, uniq_amaemon,
          uniq_grum
D:10:     layout_roguey, erik_orc_3, minivault_4, minmay_lindwurm_lava,
          uniq_nergalle, uniq_joseph
Lair:1:   layout_hall_layers, serial_bayou_pond_d, infiniplex_staircase_pool_2,
          grunt_megastairs_1
Lair:2:   layout_regular_city, enter_volcano_4, gammafunk_ghost_split,
          gauntlet_entry_generic, hellmonk_guarded_unrand_zhor,
          serial_bayou_shore_b
Lair:3:   nzn_winding_woodlands_large [nzn_winding_woodlands_hourglass,
          nzn_winding_woodlands_5x15_pool, nzn_winding_woodlands_5x5_default,
          nzn_winding_woodlands_center_triple_pond,
          nzn_winding_woodlands_15x15_eel_pit,
          nzn_winding_woodlands_center_lodge, nzn_winding_woodlands_5x5_cross,
          nzn_winding_woodlands_5x15_cabin,
          nzn_winding_woodlands_5x5_closed_star], layout_cave_shapes,
          minmay_swamp_entry_reptiles, nicolae_spider_entry_non_spiders,
          grunt_megastairs_4
Lair:4:   layout_cave_shapes, dpeg_slime_entry_corner
Lair:5:   minmay_lair_end_enchanted_forest, layout_cave_pods, dpeg_oklob_1,
          uniq_kirke, uniq_rupert
Orc:1:    layout_diamond_mine, basic_altar, sword_in_stone, uniq_sonja
Orc:2:    kennysheep_orc_mage_school, layout_diamond_mine, basic_altar,
          mines2_lemuel

Skill      XL: |  1  2  3  4  5  6  7  8  9 10 11 12 13 14 |
---------------+-------------------------------------------+-----
Fighting       | 4 5 6 7 9 10 11 12 13 | 13.9
Axes           | 5 6 7 9 11 13 14 15 17 | 17.2
Dodging        | 3 4 5 6 7 8 9 10 | 10.0
Invocations    | 2 7 11 13 16 | 16.4

Action                     |  1- 3 |  4- 6 |  7- 9 | 10-12 | 13-15 || total
---------------------------+-------+-------+-------+-------+-------++-------
  Melee: Hand axe          |   134 |    99 |   210 |   165 |       ||   608
         Punch             |       |       |       |     2 |       ||     2
         Peck              |       |       |       |    38 |    46 ||    84
         War axe           |       |       |       |    57 |   191 ||   248
         Mace              |       |       |       |    26 |     4 ||    30
  Throw: Dart              |     3 |    16 |     3 |     2 |       ||    24
         Boomerang         |       |       |     5 |    10 |     6 ||    21
         Javelin           |       |       |     1 |       |       ||     1
 Invoke: Convert to Beogh  |       |       |     1 |       |       ||     1
         Recall Orcish Fol |       |       |       |       |     3 ||     3
         Smiting           |       |       |       |       |     1 ||     1
  Evoke: Wand              |       |       |       |     1 |     2 ||     3
    Use: Potion            |     1 |     6 |     2 |     1 |     4 ||    14
         Scroll            |     1 |     5 |     8 |     8 |     3 ||    25
   Stab: Distracted        |       |       |       |     1 |     2 ||     3
 Armour: Robe              |    10 |     8 |       |       |       ||    18
         Leather armour    |       |     1 |    10 |       |       ||    11
         Ring mail         |       |       |    61 |    38 |       ||    99
         Acid dragon scale |       |       |       |    25 |    12 ||    37
         Animal skin       |       |       |       |    39 |    32 ||    71
         Chain mail        |       |       |       |       |    34 ||    34
  Dodge: Dodged            |    65 |    51 |   144 |   201 |   118 ||   579
  Block: Buckler           |       |       |       |       |    25 ||    25
